XFBL
MINNESOTA TWINS @ OAKLAND ATHLETICS
04/20/1982
 
TOP OF THE 1ST
Minnesota Twins batting - Pitching for Oakland Athletics : LHP Gerald Tyler
Pitching: LHP Gerald Tyler
Batting: RHB Lee Lacy 0-0: Called Strike
0-1: Ball
1-1: Fly out, F8 (Flyball, 8RS, EV 85.0 MPH)
Batting: RHB Steve Brye 0-0: Ball
1-0: Called Strike
1-1: Foul Ball, location: 2F
1-2: Ball
2-2: Ball
3-2: Base on Balls
Batting: RHB Tom Brown 0-0: Ball
1-0: Grounds into double play, 1-6-3 (Groundball, 13S, EV 70.0 MPH)
Top of the 1st over - 0 runs, 0 hits, 0 errors, 0 left on base; Minnesota 0 - Oakland 0
BOTTOM OF THE 1ST
Oakland Athletics batting - Pitching for Minnesota Twins : RHP Phil Niekro
Pitching: RHP Phil Niekro
Batting: RHB Scott Fletcher 0-0: Ball
1-0: Ball
2-0: Fly out, F7 (Line Drive, 78M, EV 96.9 MPH)
Batting: LHB Ruppert Jones 0-0: Ball
1-0: Called Strike
1-1: Ball
2-1: Ball
3-1: Fly out, F7 (Flyball, 7LS, EV 85.6 MPH)
Batting: RHB Dave Henderson 0-0: Called Strike
0-1: SINGLE (Line Drive, 9S, EV 98.8 MPH)
Batting: LHB Reggie Jackson 0-0: Called Strike
0-1: Foul Ball, location: 2F
0-2: Foul Ball, location: 2F
0-2: Strikes out swinging
Bottom of the 1st over - 0 runs, 1 hit, 0 errors, 1 left on base; Minnesota 0 - Oakland 0
TOP OF THE 2ND
Minnesota Twins batting - Pitching for Oakland Athletics : LHP Gerald Tyler
Batting: RHB Randy Edwards 0-0: Foul Ball, location: 2F
0-1: Called Strike
0-2: Reached on error, E5 (Flyball, 5D, EV 80.0 MPH)
Batting: RHB Chet Lemon 0-0: Called Strike
0-1: Ball
1-1: Swinging Strike
1-2: Foul Ball, location: 2F
1-2: Ball
2-2: Ball
3-2: Fly out, F7 (Line Drive, 7, EV 93.8 MPH)
Batting: RHB Larry Hisle 0-0: Called Strike
0-1: Fly out, F7 (Flyball, 7LS, EV 88.1 MPH)
Batting: RHB George Foster 0-0: Foul Ball, location: 2F
0-1: Called Strike
0-2: Ball
1-2: Fly out, F9 (Flyball, 89S, EV 91.9 MPH)
Top of the 2nd over - 0 runs, 0 hits, 1 error, 1 left on base; Minnesota 0 - Oakland 0
BOTTOM OF THE 2ND
Oakland Athletics batting - Pitching for Minnesota Twins : RHP Phil Niekro
Batting: RHB George Hendrick 0-0: Ball
1-0: Fly out, F9 (Flyball, 9LS, EV 85.0 MPH)
Batting: RHB Earl C Williams 0-0: Swinging Strike
0-1: Fly out, F9 (Flyball, 89M, EV 93.8 MPH)
Batting: LHB Ben Oglivie 0-0: Swinging Strike
0-1: Foul Ball, location: 2F
0-2: Ball
1-2: Ground out U3 (Groundball, 34, EV 92.5 MPH)
Bottom of the 2nd over - 0 runs, 0 hits, 0 errors, 0 left on base; Minnesota 0 - Oakland 0
TOP OF THE 3RD
Minnesota Twins batting - Pitching for Oakland Athletics : LHP Gerald Tyler
Batting: RHB Aurelio Rodriguez 0-0: Ball
1-0: Called Strike
1-1: Ball
2-1: Ball
3-1: Foul Ball, location: 2F
3-2: Strikes out looking
Batting: LHB Ken Oberkfell 0-0: Called Strike
0-1: Swinging Strike
0-2: Foul Ball, location: 2F
0-2: Ball
1-2: Foul Ball, location: 2F
1-2: Ball
2-2: Ball
3-2: Ground out U3 (Groundball, 3L, EV 86.3 MPH)
Batting: RHB Lee Lacy 0-0: Ball
1-0: Fly out, F8 (Flyball, 8LD, EV 109.4 MPH)
Top of the 3rd over - 0 runs, 0 hits, 0 errors, 0 left on base; Minnesota 0 - Oakland 0
BOTTOM OF THE 3RD
Oakland Athletics batting - Pitching for Minnesota Twins : RHP Phil Niekro
Batting: RHB Barry Evans 0-0: Ball
1-0: Foul Ball, location: 2F
1-1: Ball
2-1: Ball
3-1: Called Strike
3-2: Foul Ball, location: 2F
3-2: DOUBLE (Line Drive, 89M, EV 107.5 MPH)
Batting: RHB Fred Andrews 0-0: Ball
1-0: Called Strike
1-1: Called Strike
1-2: Foul Ball, location: 2F
1-2: Reached on error, E6 (Groundball, 4M, EV 85.0 MPH)
Barry Evans to third
Batting: RHB Scott Fletcher 0-0: Ball
1-0: Ball
2-0: Ground out 6-3 (Groundball, 6S, EV 74.4 MPH)
Barry Evans scores
Fred Andrews to second
Batting: LHB Ruppert Jones 0-0: Called Strike
0-1: Ball
1-1: Ball
Fred Andrews steals 3rd base
2-1: Foul Ball, location: 2F
2-2: Foul Ball, location: 2F
2-2: Strikes out swinging
Batting: RHB Dave Henderson 0-0: Ball
1-0: Swinging Strike
1-1: Fly out, F8 (Flyball, 89M, EV 95.6 MPH)
Bottom of the 3rd over - 1 run, 1 hit, 1 error, 1 left on base; Minnesota 0 - Oakland 1
TOP OF THE 4TH
Minnesota Twins batting - Pitching for Oakland Athletics : LHP Gerald Tyler
Batting: RHB Steve Brye 0-0: SOLO HOME RUN (Line Drive, 89XD, EV 101.3 MPH), Distance : 405 ft
Batting: RHB Tom Brown 0-0: Foul Ball, location: 2F
0-1: Ball
1-1: Fly out, F5 (Popup, 56S, EV 76.9 MPH)
Batting: RHB Randy Edwards 0-0: Ball
1-0: Called Strike
1-1: Ball
2-1: Ball
3-1: Base on Balls
Batting: RHB Chet Lemon 0-0: DOUBLE (Line Drive, 8RD, EV 93.8 MPH)
Randy Edwards to third
Runner from 3rd tries for Home, SAFE, no throw by CF
Batting: RHB Larry Hisle 0-0: Called Strike
Chet Lemon steals 3rd base
0-1: Ground out 5-3 (Groundball, 56, EV 88.1 MPH)
Chet Lemon scores
Batting: RHB George Foster 0-0: Ball
1-0: Foul Ball, location: 2F
1-1: Ball
2-1: Ball
3-1: Base on Balls
Batting: RHB Aurelio Rodriguez 0-0: Called Strike
0-1: Called Strike
0-2: Ball
1-2: Ball
2-2: Strikes out swinging
Top of the 4th over - 3 runs, 2 hits, 0 errors, 1 left on base; Minnesota 3 - Oakland 1
BOTTOM OF THE 4TH
Oakland Athletics batting - Pitching for Minnesota Twins : RHP Phil Niekro
Batting: LHB Reggie Jackson 0-0: Ball
1-0: Foul Ball, location: 2F
1-1: Ball
2-1: Foul Ball, location: 2F
2-2: Strikes out swinging
Batting: RHB George Hendrick 0-0: Fly out, F8 (Flyball, 78XD, EV 96.3 MPH)
Batting: RHB Earl C Williams 0-0: Ball
1-0: Called Strike
1-1: Ball
2-1: Ground out U3 (Groundball, 13, EV 83.8 MPH)
Bottom of the 4th over - 0 runs, 0 hits, 0 errors, 0 left on base; Minnesota 3 - Oakland 1
TOP OF THE 5TH
Minnesota Twins batting - Pitching for Oakland Athletics : LHP Gerald Tyler
Batting: LHB Ken Oberkfell 0-0: Swinging Strike
0-1: Ball
1-1: SINGLE (Groundball, 6MD, EV 103.1 MPH)
Batting: RHB Lee Lacy 0-0: Grounds into double play, 5-4-3 (Groundball, 56, EV 100.0 MPH)
Batting: RHB Steve Brye 0-0: Foul Ball, location: 2F
0-1: Ball
1-1: Ground out 5-3 (Groundball, 56, EV 91.9 MPH)
Top of the 5th over - 0 runs, 1 hit, 0 errors, 0 left on base; Minnesota 3 - Oakland 1
BOTTOM OF THE 5TH
Oakland Athletics batting - Pitching for Minnesota Twins : RHP Phil Niekro
Batting: LHB Ben Oglivie 0-0: Foul Ball, location: 2F
0-1: SINGLE (Groundball, 6D, EV 110.0 MPH)
Batting: RHB Barry Evans 0-0: Called Strike
Ben Oglivie steals 2nd base
0-1: Swinging Strike
0-2: Fly out, F8 (Line Drive, 8RM, EV 93.1 MPH)
Batting: RHB Fred Andrews 0-0: Ball
1-0: Fly out, F8 (Flyball, 8LS, EV 85.6 MPH)
Batting: RHB Scott Fletcher 0-0: Swinging Strike
0-1: Ball
1-1: Ball
2-1: Ball
3-1: SINGLE (Groundball, 34D, EV 94.4 MPH)
Ben Oglivie to third
Runner from 3rd tries for Home, SAFE, throw by RF to home
Batting: LHB Ruppert Jones 0-0: Called Strike
0-1: Ball
1-1: Swinging Strike
1-2: Foul Ball, location: 2F
1-2: Strikes out swinging
Bottom of the 5th over - 1 run, 2 hits, 0 errors, 1 left on base; Minnesota 3 - Oakland 2
TOP OF THE 6TH
Minnesota Twins batting - Pitching for Oakland Athletics : LHP Gerald Tyler
Batting: RHB Tom Brown 0-0: DOUBLE (Flyball, 8RD, EV 101.3 MPH)
Batting: RHB Randy Edwards 0-0: Fly out, F7 (Flyball, 78XD, EV 92.5 MPH)
Runner from 2nd tags up, SAFE at 3rd, no throw by LF
Batting: RHB Chet Lemon 0-0: Swinging Strike
0-1: Swinging Strike
0-2: Ball
1-2: Fly out, F8 (Flyball, 78D, EV 85.0 MPH)
Runner from 3rd tags up, SCORES, throw by CF
Batting: RHB Larry Hisle 0-0: SINGLE (Flyball, 78S, EV 90.0 MPH)
Batting: RHB George Foster 0-0: Foul Ball, location: 2F
0-1: Ball
1-1: Ball
2-1: Ball
3-1: Fielders Choice at 2nd, 6-4 (Groundball, 6, EV 100.6 MPH)
Top of the 6th over - 1 run, 2 hits, 0 errors, 1 left on base; Minnesota 4 - Oakland 2
BOTTOM OF THE 6TH
Oakland Athletics batting - Pitching for Minnesota Twins : RHP Phil Niekro
Batting: RHB Dave Henderson 0-0: Ball
1-0: SINGLE (Groundball, 4D, EV 101.9 MPH)
Batting: LHB Reggie Jackson 0-0: Foul Ball, location: 2F
0-1: Grounds into double play, U6-3 (Groundball, 4M, EV 97.5 MPH)
Batting: RHB George Hendrick 0-0: Called Strike
0-1: Ball
1-1: SINGLE (Groundball, 4MD, EV 105.0 MPH)
Batting: RHB Earl C Williams 0-0: Ball
1-0: Ball
2-0: 2-RUN HOME RUN (Flyball, 7D, EV 95.6 MPH), Distance : 364 ft
Batting: LHB Ben Oglivie 0-0: Called Strike
0-1: Swinging Strike
0-2: Strikes out swinging
Bottom of the 6th over - 2 runs, 3 hits, 0 errors, 0 left on base; Minnesota 4 - Oakland 4
TOP OF THE 7TH
Minnesota Twins batting - Pitching for Oakland Athletics : LHP Gerald Tyler
Batting: RHB Aurelio Rodriguez 0-0: Ball
1-0: Ball
2-0: Called Strike
2-1: Swinging Strike
2-2: Ball
3-2: Foul Ball, location: 2F
3-2: DOUBLE (Flyball, 78XD, EV 95.6 MPH)
Batting: LHB Ken Oberkfell 0-0: Ball
1-0: Swinging Strike
1-1: Ball
2-1: Foul Ball, location: 2F
2-2: Strikes out swinging
Batting: RHB Lee Lacy 0-0: Called Strike
0-1: Ground out 1-3 (Groundball, P, EV 70.0 MPH)
Aurelio Rodriguez to third
Batting: RHB Steve Brye 0-0: Foul Ball, location: 2F
0-1: SINGLE (Flyball, 8LS, EV 80.6 MPH)
Aurelio Rodriguez scores
Batting: RHB Tom Brown 0-0: Ball
1-0: Ball
2-0: Fielders Choice at 2nd, 6-4 (Groundball, 6, EV 97.5 MPH)
Top of the 7th over - 1 run, 2 hits, 0 errors, 1 left on base; Minnesota 5 - Oakland 4
BOTTOM OF THE 7TH
Oakland Athletics batting - Pitching for Minnesota Twins : RHP Phil Niekro
Batting: RHB Barry Evans 0-0: Ball
1-0: Called Strike
1-1: Ball
2-1: Ground out 5-3 (Groundball, 56, EV 84.4 MPH)
Batting: RHB Fred Andrews 0-0: Foul Ball, location: 2F
0-1: Ball
1-1: Ball
2-1: Ground out 6-3 (Groundball, 6, EV 84.4 MPH)
Batting: RHB Scott Fletcher 0-0: Swinging Strike
0-1: Swinging Strike
0-2: Fly out, F8 (Flyball, 8RD, EV 105.0 MPH)
Bottom of the 7th over - 0 runs, 0 hits, 0 errors, 0 left on base; Minnesota 5 - Oakland 4
TOP OF THE 8TH
Minnesota Twins batting - Pitching for Oakland Athletics : LHP Gerald Tyler
Pitching: LHP Dave Dravecky
Batting: RHB Randy Edwards 0-0: Ball
1-0: Ball
2-0: Ball
3-0: Called Strike
3-1: SINGLE (Groundball, 4MD, EV 104.4 MPH)
Batting: RHB Chet Lemon 0-0: Called Strike
0-1: Foul Ball, location: 2F
0-2: Fly out, F9 (Flyball, 9, EV 83.8 MPH)
Batting: RHB Larry Hisle 0-0: Called Strike
0-1: Ball
1-1: Ball
2-1: DOUBLE (Flyball, 8RXD, EV 100.6 MPH)
Randy Edwards to third
Runner from 3rd tries for Home, SAFE, throw by CF to home
Batting: RHB George Foster 0-0: Intentional Walk
Batting: RHB Aurelio Rodriguez 0-0: Swinging Strike
0-1: Ball
1-1: Foul Ball, location: 2F
1-2: Strikes out swinging
Batting: LHB Ken Oberkfell 0-0: SINGLE (Flyball, 5D, EV 91.9 MPH)
Larry Hisle to third
George Foster to second
Runner from 3rd tries for Home, SAFE, throw by LF to home
Batting: RHB Lee Lacy 0-0: Ball
1-0: Ball
2-0: Called Strike
2-1: Called Strike
2-2: Foul Ball, location: 2F
2-2: Ball
3-2: Base on Balls
George Foster to third
Ken Oberkfell to second
Batting: RHB Steve Brye 0-0: Ball
1-0: Swinging Strike
1-1: Foul Ball, location: 2F
1-2: Foul Ball, location: 2F
1-2: Strikes out swinging
Top of the 8th over - 2 runs, 3 hits, 0 errors, 3 left on base; Minnesota 7 - Oakland 4
BOTTOM OF THE 8TH
Oakland Athletics batting - Pitching for Minnesota Twins : RHP Phil Niekro
Now at 2B: Taylor Duncan
Batting: LHB Ruppert Jones 0-0: Ball
1-0: Ball
2-0: Fly out, F9 (Flyball, 9D, EV 101.9 MPH)
Pitching: RHP Stephen Fuller
Batting: RHB Dave Henderson 0-0: Called Strike
0-1: Ball
1-1: Swinging Strike
1-2: Fly out, F9 (Line Drive, 9, EV 87.5 MPH)
Batting: LHB Reggie Jackson 0-0: Ball
1-0: Ball
2-0: Fly out, F7 (Flyball, 7, EV 87.5 MPH)
Bottom of the 8th over - 0 runs, 0 hits, 0 errors, 0 left on base; Minnesota 7 - Oakland 4
TOP OF THE 9TH
Minnesota Twins batting - Pitching for Oakland Athletics : LHP Dave Dravecky
Batting: RHB Tom Brown 0-0: Fly out, F4 (Popup, 34S, EV 81.3 MPH)
Batting: RHB Randy Edwards 0-0: Ball
1-0: Swinging Strike
1-1: Ball
2-1: Fly out, F8 (Flyball, 8LM, EV 82.5 MPH)
Batting: RHB Chet Lemon 0-0: Called Strike
0-1: SINGLE (Groundball, 56S, EV 70.0 MPH) (infield hit)
Batting: RHB Larry Hisle 0-0: Ball
1-0: Called Strike
1-1: Fielders Choice at 2nd, 5-4 (Groundball, 56, EV 79.4 MPH)
Top of the 9th over - 0 runs, 1 hit, 0 errors, 1 left on base; Minnesota 7 - Oakland 4
BOTTOM OF THE 9TH
Oakland Athletics batting - Pitching for Minnesota Twins : RHP Stephen Fuller
Batting: RHB George Hendrick 0-0: Called Strike
0-1: Called Strike
0-2: Foul Ball, location: 2F
0-2: Ball
1-2: Strikes out swinging
Batting: RHB Earl C Williams 0-0: Ball
1-0: Ground out 6-3 (Groundball, 56, EV 87.5 MPH)
Batting: LHB Ben Oglivie 0-0: Foul Ball, location: 2F
0-1: Called Strike
0-2: Ball
1-2: Strikes out swinging
Bottom of the 9th over - 0 runs, 0 hits, 0 errors, 0 left on base; Minnesota 7 - Oakland 4
Wednesday, July 22nd, 2020 - OOTP Baseball 21.4 Build 63